 Dungeon Crawl Stone Soup version 0.26.1-11-gd32895ea62 (webtiles) character file.

Game seed: 398763885423326265

30529 woolyfrog the Unseen (level 13, -7/83 HPs)
             Began as a Halfling Hunter on May 3, 2021.
             Was a High Priest of Dithmenos.
             Mangled by an entropy weaver (12 damage)
             ... on level 4 of the Lair of Beasts.
             The game lasted 01:33:08 (16202 turns).

woolyfrog the Unseen (Halfling Hunter)             Turns: 16202, Time: 01:33:09

Health: -7/83      AC: -1    Str: 19    XL:     13   Next: 89%
Magic:  13/13      EV: 26    Int: 13    God:    Dithmenos [*****.]
Gold:   363        SH:  7    Dex: 20    Spells: 12/12 levels left

rFire    . . .     SeeInvis .   a - +4 fustibalus (freeze)
rCold    + . .     Faith    .   g - +0 buckler
rNeg     . . .     Spirit   .   e - +1 steam dragon scales
rPois    +         Reflect  .   B - +1 helmet
rElec    .         Harm     .   N - +0 cloak
rCorr    .         Rampage  .   M - +0 pair of gloves
Will     .....     NoCast   +   I - +0 pair of boots of Vanity {-Cast rC+ Str+6 Int+4} Stlth *+++++++++
                                (no amulet)
HPRegen  0.23/turn              D - +4 ring of slaying
MPRegen  0.13/turn              t - ring of poison resistance

@: lethally poisoned (-7 -> -10), corroded, wreathed by umbra
A: small, mutation resistance 1
a: Renounce Religion, Shadow Step, Shadow Form


You were on level 4 of the Lair of Beasts.
You worshipped Dithmenos.
Dithmenos was extremely pleased with you.
You visited 3 branches of the dungeon, and saw 15 of its levels.
You also visited: Ossuary.

You collected 1029 gold pieces.
You spent 666 gold pieces at shops.

Inventory:

Hand Weapons
 a - a +4 fustibalus of freezing (weapon)
 b - a +3 dagger of protection
Missiles
 i - 393 stones (quivered ammo)
Armour
 e - +1 steam dragon scales (worn)
 g - a +0 buckler (worn)
 B - a +1 helmet (worn)
 I - the +0 pair of boots of Vanity (worn) {-Cast rC+ Str+6 Int+4}
   (You found it on level 8 of the Dungeon)

   It affects your strength (+6).
   It affects your intelligence (+4).
   It protects you from cold.
   It prevents spellcasting.
 M - a +0 pair of gloves (worn)
 N - a +0 cloak (worn)
Jewellery
 j - an uncursed ring of positive energy
 p - an uncursed ring of fire
 s - an uncursed ring of positive energy
 t - a ring of poison resistance (right hand)
 D - a +4 ring of slaying (left hand)
 F - an uncursed ring of fire
Wands
 v - a wand of digging (5)
 H - a wand of paralysis (19)
 J - a wand of disintegration (14)
 K - a wand of flame (21)
Scrolls
 k - a scroll of amnesia
 m - 4 scrolls of immolation
 o - 7 scrolls of teleportation
 q - 9 scrolls of remove curse
 C - a scroll of blinking
Potions
 d - 2 potions of might
 f - 2 potions of haste
 h - 5 potions of flight
 l - a potion of cancellation
 n - 6 potions of curing
 w - a potion of berserk rage
 x - 2 potions of mutation
 y - 3 potions of lignification
 z - a potion of invisibility
 E - 3 potions of brilliance
 G - 2 potions of ambrosia
Miscellaneous
 c - a phial of floods (inert)


   Skills:
 - Level 5.6 Fighting
 - Level 10.0 Short Blades
 - Level 14.0 Slings
 * Level 12.3 Dodging
 - Level 15.0 Stealth
 - Level 5.6 Shields


You had 12 spell levels left.
You didn't know any spells.
Your spell library contained the following spells:

 Spells                   Type           Power        Failure   Level
 Animate Skeleton         Necr           0%           30%         1
 Corona                   Hex            0%           30%         1
 Magic Dart               Conj           0%           30%         1
 Pain                     Necr           0%           30%         1
 Sting                    Tmut/Pois      0%           30%         1
 Blink                    Tloc           N/A          43%         2
 Call Imp                 Summ           0%           43%         2
 Ensorcelled Hibernation  Hex/Ice        0%           43%         2
 Poisonous Vapours        Pois/Air       0%           43%         2
 Slow                     Hex            0%           43%         2
 Confusing Touch          Hex            0%           67%         3
 Conjure Flame            Conj/Fire      0%           67%         3
 Dazzling Flash           Conj/Hex       0%           67%         3
 Ignite Poison            Fire/Tmut/Pois 0%           67%         3
 Mephitic Cloud           Conj/Pois/Air  0%           67%         3
 Tukima's Dance           Hex            0%           67%         3
 Vampiric Draining        Necr           0%           67%         3
 Animate Dead             Necr           0%           97%         4
 Cause Fear               Hex            0%           97%         4
 Olgreb's Toxic Radiance  Pois           0%           97%         4
 Agony                    Necr           0%           100%        5
 Silence                  Hex/Air        0%           100%        5
 Yara's Violent Unravell  Hex/Tmut       0%           100%        5
 Discord                  Hex            0%           100%        8


Dungeon Overview and Level Annotations

Branches:
Dungeon (10/15)            Temple (1/1) D:4            Lair (4/6) D:10
  Snake (0/4) Lair:2      Ossuary (visited)
  Swamp: Lair:2-4    Shoals: Lair:2-4       Orc: D:9-12

Altars:
Ashenzari
Cheibriados
Dithmenos
Elyvilon
Fedhas
Gozag
Hepliaklqana
Kikubaaqudgha
Makhleb
Nemelex Xobeh
Okawaru
Qazlal
Ru
Sif Muna
Trog
Uskayaw
Vehumet
Wu Jian
Xom
Yredelemnul
Zin
The Shining One

Shops:
D:4 [(   D:5 ?   D:6 *   D:7 ?

Annotations:
Lair:4 3 runed translucent doors, Xyudeake's ghost, journeyman DEFE


Innate Abilities, Weirdness & Mutations

You are small and have problems with some larger weapons.
You are somewhat resistant to further mutation.


Message History

Fire: 394 stones
Press: ? - help, Q - select action, (/) - cycle Shift-Dir - straight line, f/p - entropy weaver
Aim: an entropy weaver (heavily wounded, umbra, 67% to hit)
You shoot a stone. The stone hits the entropy weaver.
The stone freezes the entropy weaver.
The entropy weaver is severely wounded.
Your shadow shoots a stone.
The stone hits the entropy weaver.
The stone disappears in a puff of smoke!
You feel sick. The entropy weaver hits you!
* * * LOW HITPOINT WARNING * * *
The entropy weaver misses you. The entropy weaver barely misses you.
The entropy weaver hits you!
* * * LOW HITPOINT WARNING * * *
You feel much better. The entropy weaver misses you.
The entropy weaver completely misses you.
The entropy weaver hits you!
* * * LOW HITPOINT WARNING * * *
The entropy weaver hits you!
You die... .B ..#.(....B.. . #.B#...#B...B..#.# .....#..#.BBB.B... .B.#B#B(B...B.... ####...BF#B.#.B..# ..# #BBB#B.BB#

#.## #B≈B#....###
####..# #B###.###..#
##.##..#####@.###.#.##
##..#...#......#......#
#........÷.....((#....#
#<............^(.(†((P#
#..................(.##
..
##..........####.#.#.(##
... #....####....#
#####...##... #....#
##..P## ##........
#..### ##....#
#.........


You could see an entropy weaver, a soldier ant, a bullfrog and 5 worker ants.

Vanquished Creatures
  An entropy weaver (Lair:4)
  3 hydras
  2 two-headed ogres (D:9)
  4 death yaks
  Nergalle (Lair:2)
  An unseen horror (D:10)
  3 black mambas
  A torpor snail (Lair:4)
  6 cane toads
  3 centaur skeletons (D:10)
  7 komodo dragons
  2 rime drakes (Lair:3)
  3 polar bears
  Prince Ribbit (D:9)
  A hornet (D:9)
  9 blink frogs
  A dream sheep (Lair:3)
  19 yaks
  A wraith (D:7)
  4 wyverns
  A basilisk (Lair:3)
  3 steam dragons
  8 soldier ants (Lair:4)
  21 water moccasins
  Duvessa (D:7)
  An ice beast (D:5)
  2 sky beasts
  2 orc warriors
  4 phantoms
  9 centaurs
  5 ogres
  13 wolves
  5 big kobolds
  16 bullfrogs
  3 wyvern skeletons
  A gnoll sergeant (D:9)
  Dowan (D:7)
  4 scorpions
  12 killer bees
  2 vampire bats (D:3)
  8 howler monkeys
  A centaur zombie (D:7)
  A jelly (D:7)
  3 hounds
  A bullfrog skeleton (D:4)
  6 orc priests
  10 worker ants
  An iguana (D:4)
  9 orc wizards
  A big kobold zombie (Ossuary)
  A hound zombie (D:8)
  A hound skeleton (D:7)
  8 mummies (Ossuary)
  A worker ant zombie (D:6)
  6 gnolls (D:9)
  17 adders
  5 shadow imps
  A white imp (D:6)
  2 ufetubi
  2 oozes
  A worm (D:4)
  2 dart slugs
  5 leopard geckos
  35 orcs
  3 ball pythons
  3 bat skeletons (D:3)
  2 bat zombies (D:3)
  6 giant cockroaches
  2 gnoll zombies (D:2)
  11 hobgoblins
  17 jackals
  16 kobolds
  4 quokkas
  7 bats
  3 frilled lizards
  3 goblins
  2 hobgoblin zombies (Ossuary)
  A jackal skeleton (D:8)
  A leopard gecko skeleton (D:8)
  5 orc zombies (Ossuary)
  A quokka skeleton (D:6)
  A quokka zombie (D:9)
  11 rats
414 creatures vanquished.

Vanquished Creatures (others)
  A phantom (D:5)
  10 fungi
  39 plants
50 creatures vanquished.

Grand Total: 464 creatures vanquished

Notes
Turn   | Place    | Note
-------+----------+-------------------------------------------
     0 | D:1      | woolyfrog the Halfling Hunter began the quest for the Orb.
     0 | D:1      | Reached XP level 1. HP: 14/14 MP: 1/1
    62 | D:1      | Reached XP level 2. HP: 19/19 MP: 2/2
   782 | D:2      | Reached XP level 3. HP: 24/24 MP: 3/3
  1125 | D:2      | Reached XP level 4. HP: 29/29 MP: 4/4
  1128 | D:2      | Noticed a big kobold
  1145 | D:2      | Killed a big kobold
  1146 | D:2      | Reached XP level 5. HP: 25/34 MP: 5/5
  1371 | D:2      | Found a basalt altar of Yredelemnul.
  1434 | D:2      | Found a burning altar of Makhleb.
  1461 | D:2      | Found a shimmering altar of Xom.
  1853 | D:3      | Reached XP level 6. HP: 39/39 MP: 6/6
  1884 | D:3      | Found a shimmering blue altar of Sif Muna.
  2062 | D:3      | Found an ancient bone altar of Kikubaaqudgha.
  2077 | D:3      | Reached skill level 10 in Slings
  2535 | D:4      | Found Atysyxaxui's Armour Boutique.
  2551 | D:4      | Bought a +0 leather armour of willpower for 108 gold pieces
  2582 | D:4      | Reached XP level 7. HP: 44/44 MP: 7/7
  2623 | D:4      | Found Isouck's Antique Weapon Shop.
  2666 | D:4      | Found a staircase to the Ecumenical Temple.
  2794 | Temple   | Entered the Ecumenical Temple
  2864 | Temple   | Became a worshipper of Dithmenos the Shadowed
  3127 | D:4      | Reached skill level 2 in Stealth
  3811 | D:5      | Entered Level 5 of the Dungeon
  3820 | D:5      | Reached XP level 8. HP: 47/49 MP: 8/8
  4110 | D:5      | Reached skill level 5 in Shields
  4539 | D:5      | Found a broken altar of Ashenzari.
  4879 | D:5      | Found Idumy's Magic Scroll Shop.
  4956 | D:5      | Reached XP level 9. HP: 41/54 MP: 9/9
  5202 | D:5      | Reached skill level 5 in Dodging
  5235 | D:6      | Found a sand-covered staircase.
  5240 | Ossuary  | Entered an ossuary
  5267 | Ossuary  | Reached * piety under Dithmenos
  5971 | D:6      | Found a hazy altar of Hepliaklqana.
  6067 | D:6      | Found Zin's Purification Station.
  6093 | D:6      | Found a glowing silver altar of Zin.
  6486 | D:7      | Reached skill level 3 in Stealth
  6496 | D:7      | Noticed Duvessa
  6501 | D:7      | Reached skill level 4 in Stealth
  6541 | D:7      | Reached skill level 5 in Stealth
  6565 | D:7      | Noticed Dowan
  6657 | D:7      | Reached ** piety under Dithmenos
  6694 | D:7      | Found Waixteah's Magic Scroll Shoppe.
  6812 | D:7      | Killed Duvessa
  6813 | D:7      | Reached skill level 6 in Stealth
  6823 | D:7      | Killed Dowan
  6873 | D:7      | Reached skill level 7 in Stealth
  6873 | D:7      | Reached XP level 10. HP: 60/60 MP: 10/10
  7793 | D:8      | Got a pair of brightly glowing boots
  7804 | D:8      | Identified the +0 pair of boots of Vanity {-Cast rC+ Str+6
                  | Int+4} (You found it on level 8 of the Dungeon)
  7871 | D:8      | Reached skill level 5 in Fighting
  8345 | D:4      | Bought a runed fustibalus for 504 gold pieces
  8371 | D:4      | Bought a +0 pair of gloves for 54 gold pieces
  8872 | D:9      | Reached *** piety under Dithmenos
  9019 | D:9      | Found a sparkling altar of Nemelex Xobeh.
  9158 | D:9      | Noticed a two-headed ogre
  9165 | D:9      | Killed a two-headed ogre
  9307 | D:9      | Noticed Prince Ribbit
  9312 | D:9      | Killed Prince Ribbit
  9321 | D:9      | Noticed a two-headed ogre
  9322 | D:9      | Reached skill level 1 in Short Blades
  9325 | D:9      | Killed a two-headed ogre
  9326 | D:9      | Reached XP level 11. HP: 72/72 MP: 11/11
  9341 | D:9      | Reached skill level 5 in Short Blades
 10128 | D:10     | Entered Level 10 of the Dungeon
 10261 | D:10     | Reached **** piety under Dithmenos
 10664 | D:10     | Killed an unseen horror
 11328 | D:10     | Found a staircase to the Lair.
 11777 | Lair:1   | Entered Level 1 of the Lair of Beasts
 11792 | Lair:1   | Reached skill level 10 in Short Blades
 11835 | Lair:1   | Reached skill level 8 in Stealth
 12139 | Lair:1   | Reached skill level 9 in Stealth
 12422 | Lair:1   | Reached XP level 12. HP: 78/78 MP: 12/12
 12490 | Lair:1   | Reached skill level 10 in Stealth
 12928 | Lair:2   | Reached skill level 11 in Stealth
 12952 | Lair:2   | Noticed Nergalle
 12959 | Lair:2   | Killed Nergalle
 12995 | Lair:2   | Found a staircase to the Snake Pit.
 13229 | Lair:2   | Reached skill level 12 in Stealth
 13546 | Lair:2   | Noticed a death yak
 13547 | Lair:2   | Noticed a death yak
 13549 | Lair:2   | Noticed a death yak
 13555 | Lair:2   | Killed a death yak
 13569 | Lair:2   | Killed a death yak
 13581 | Lair:2   | Killed a death yak
 13582 | Lair:2   | Reached skill level 13 in Stealth
 13781 | Lair:2   | Reached ***** piety under Dithmenos
 14218 | Lair:3   | Noticed an eight-headed hydra
 14225 | Lair:3   | Killed an eight-headed hydra
 14330 | Lair:3   | Reached skill level 14 in Stealth
 14447 | Lair:3   | Reached XP level 13. HP: 83/83 MP: 13/13
 14853 | Lair:3   | Reached skill level 15 in Stealth
 15093 | Lair:3   | Noticed a six-headed hydra
 15105 | Lair:3   | Killed a six-headed hydra
 15289 | Lair:3   | Reached skill level 10 in Dodging
 15794 | Lair:4   | Found a runed translucent gate.
 15794 | Lair:4   | Found a runed translucent gate.
 15794 | Lair:4   | Found a runed translucent gate.
 15795 | Lair:4   | Noticed a 12-headed hydra
 15805 | Lair:4   | Noticed Xyudeake's ghost (journeyman DEFE)
 15842 | Lair:4   | Noticed an entropy weaver
 15864 | Lair:4   | Noticed an entropy weaver
 15882 | Lair:4   | Killed an entropy weaver
 16086 | Lair:4   | Noticed a six-headed hydra
 16095 | Lair:4   | Killed a six-headed hydra
 16201 | Lair:4   | HP: 3/83 [entropy weaver (15)]
 16202 | Lair:4   | Mangled by an entropy weaver

Illustrated notes

Levels and vault maps discovered:
D:1:      onia_arrival_handbag, layout_loops_ring
D:2:      layout_loops_ring, makhleb_blood_cavern_becter,
          lemuel_zombie_altar_yredelemnul, nicolae_overflow_crystal_walls,
          minmay_between
D:3:      layout_basic, overflow_temple_1_default, kennysheep_vampire_church
D:4:      layout_basic, minmay_temple_entry_stoned_glass, serial_shops,
          nicolae_shop_temple_entry_statues_fountains, nicolae_shop_statue_plus,
          dk_noncrumbling_2
D:5:      layout_loops_ring, ashenzari_conservatory_becter, serial_shops,
          nicolae_shop_trees, grunt_decor_one_mirror
D:6:      layout_rooms, lemuel_coloured_pillars_altar, zin_purify,
          enter_ossuary_3
D:7:      layout_basic, serial_shops, nicolae_shop_waterfront, uniq_duvessa
D:8:      layout_rooms, dk_rats_in_the_wall
D:9:      layout_grid_maze, nemelex_xobeh_ov_fountains_minmay,
          uniq_prince_ribbit1
D:10:     kennysheep_steamy, layout_loops_ring, lair_entry_dummy,
          serial_bayou_pond_a, nicolae_zen_rock_garden
Temple:   nicolae_temple_figure_eight
Lair:1:   layout_hall_layers
Lair:2:   layout_chaotic_city, minmay_snake_entry_six_corridors, uniq_nergalle
Lair:3:   nzn_winding_woodlands_medium [nzn_winding_woodlands_5x5_three,
          nzn_winding_woodlands_5x15_longhouse, nzn_winding_woodlands_hourglass,
          nzn_winding_woodlands_5x5_open_star,
          nzn_winding_woodlands_center_garden,
          nzn_winding_woodlands_5x5_perimeter, nzn_winding_woodlands_5x5_cross,
          nzn_winding_woodlands_5x15_default,
          nzn_winding_woodlands_5x5_checkerboard], layout_big_grid
Lair:4:   layout_small_grid, minmay_shoals_entry_lonely_mermaid,
          gammafunk_ghost_hydra_chop, zaba_anthell, minmay_lair_oklob_chamber

Skill      XL: |  1  2  3  4  5  6  7  8  9 10 11 12 13 |
---------------+----------------------------------------+-----
Slings         | 6 7 8 9 11 12 14 | 14.0
Stealth        | 2 7 9 14 15 | 15.0
Shields        | 2 5 |  5.6
Dodging        | 4 8 12 | 12.3
Fighting       | 5 |  5.6
Short Blades   | 4 10 | 10.0

Action                   |  1- 3 |  4- 6 |  7- 9 | 10-12 | 13-15 || total
-------------------------+-------+-------+-------+-------+-------++-------
Melee: Short sword       |    10 |     6 |    18 |       |       ||    34
       Hunting sling     |       |       |     1 |     1 |       ||     2
       Dagger            |       |       |       |    48 |    83 ||   131
       Rapier            |       |       |       |     2 |       ||     2
 Fire: Hunting sling     |    64 |   135 |   541 |    99 |       ||   839
       Fustibalus        |       |       |       |   368 |   226 ||   594
Throw: Stone             |       |       |       |    53 |       ||    53
Evoke: Phial of floods   |       |       |       |       |     1 ||     1
  Use: Scroll            |     1 |     8 |     5 |    15 |     1 ||    30
       Potion            |       |       |     1 |     6 |     2 ||     9
 Stab: Sleeping          |       |       |     1 |    12 |     2 ||    15
Armor: Leather armour    |     7 |    18 |    26 |    39 |       ||    90
       Steam dragon scal |       |       |       |     7 |    15 ||    22
Dodge: Dodged            |    15 |    30 |    93 |   204 |   111 ||   453
Block: Buckler           |     3 |     9 |    47 |    86 |    42 ||   187
